 Dungeon Crawl Stone Soup version 0.25.0-1-g7eea58d2a3 (webtiles) character file.

Game seed: 11916252279603739344

284425 Anothat the Imperceptible (level 19, -3/107 HPs)
             Began as a Spriggan Assassin on June 13, 2020.
             Was the Champion of Dithmenos.
             Slain by Mennas
             ... wielding a +1 sacred scourge of holy wrath
              (5 damage)
             ... while paralysed
             ... on level 1 of the Vaults.
             The game lasted 04:56:09 (46590 turns).

Anothat the Imperceptible (Spriggan Assassin)      Turns: 46590, Time: 04:56:09

Health: -3/107     AC: 11    Str: 12    XL:     19   Next: 78%
Magic:  32/32      EV:  4    Int: 12    God:    Dithmenos [******]
Gold:   3974       SH:  0    Dex: 22    Spells: 23/35 levels left

rFire    + + .     SeeInvis +   I - +10 rapier of Understanding {venom, MR+ Str+5 Dex-5}
rCold    + . .     Gourm    .   (shield restricted)
rNeg     + + +     Faith    .   G - +5 steam dragon scales
rPois    +         Spirit   .   T - +2 hat {SInv}
rElec    +         Reflect  .   u - +1 cloak
rCorr    .         Harm     .   (gloves unavailable)
MR       +++++                  (boots unavailable)
Stlth    +++++++++.             M - amulet of Dotzizue {rElec rPois rN+++ Regen+ Int-3}
HPRegen  0.00/turn              R - ring of protection from magic
MPRegen  0.23/turn              B - ring of Exeti {Wiz rF++ Dex+2 Slay-2 Stlth+}

@: paralysed, berserk cooldown, very slightly contaminated, slowed, studying
Stealth, silenced, invisible, very quick
A: very small, unfitting armour, hooves 1, thin skeletal structure 1, see
invisible, cold resistance 1, deformed body, herbivore, speed 3, inhibited
regeneration, slow metabolism 2
}: 2/15 runes: decaying, serpentine
a: Renounce Religion


You were on level 1 of the Vaults.
You worshipped Dithmenos.
Dithmenos was exalted by your worship.
You were hungry.

You visited 8 branches of the dungeon, and saw 36 of its levels.
You also visited: Ossuary, Gauntlet, Volcano and Desolation.

You collected 7216 gold pieces.
You spent 3242 gold pieces at shops.

Inventory:

Hand Weapons
 i - a +3 vampiric dagger
 m - a +3 dagger of venom
 F - a +9 vorpal quick blade
 I - the +10 rapier of Understanding (weapon) {venom, MR+ Str+5 Dex-5}
   (You took it off a salamander on level 2 of the Depths)

   It poisons the flesh of those it strikes.
   It affects your strength (+5).
   It affects your dexterity (-5).
   It affects your resistance to hostile enchantments.
Missiles
 b - 7 datura-tipped darts
 c - 7 curare-tipped darts
 d - 88 poisoned darts
 g - a throwing net
 S - 7 atropa-tipped darts (quivered)
Armour
 u - a +1 cloak (worn)
 G - +5 steam dragon scales (worn)
 O - a +1 buckler of protection
 Q - the +0 buckler "Copily" {Int+2 Dex+3}
   (You found it in a Gauntlet)

   It affects your intelligence (+2).
   It affects your dexterity (+3).
 T - a +2 hat of see invisible (worn)
 X - the +1 cloak of the Ward {MR- Str+9 Dex+4 Stlth-}
   (You found it in a Gauntlet)

   It affects your strength (+9).
   It affects your dexterity (+4).
   It affects your resistance to hostile enchantments.
   It makes you less stealthy.
Jewellery
 B - the ring of Exeti (right hand) {Wiz rF++ Dex+2 Slay-2 Stlth+}
   (You bought it in a shop on level 12 of the Dungeon)

   [ring of wizardry]

   It improves your spell success rate.
   It affects your dexterity (+2).
   It affects your accuracy and damage with ranged weapons and melee attacks
   (-2).
   It greatly protects you from fire.
   It makes you more stealthy.
 D - an uncursed amulet of the acrobat
 M - the amulet of Dotzizue (around neck) {rElec rPois rN+++ Regen+ Int-3}
   (You found it on level 9 of the Dungeon)

   [amulet of regeneration]

   It affects your intelligence (-3).
   It insulates you from electricity.
   It protects you from poison.
   It renders you almost immune to negative energy.
   It increases your rate of regeneration.
 R - a ring of protection from magic (left hand)
 U - the amulet of Bup Zol {Spirit rC+ MR+ Int+3 Dex-2}
   (You found it in a Gauntlet)

   [amulet of guardian spirit]

   It causes incoming damage to be split between your health and magic.
   It affects your intelligence (+3).
   It affects your dexterity (-2).
   It protects you from cold.
   It affects your resistance to hostile enchantments.
Wands
 k - a wand of polymorph (24)
 l - a wand of paralysis (6)
 s - a wand of enslavement (5)
 w - a wand of digging (7)
 H - a wand of flame (65)
 K - a wand of random effects (27)
 Y - a wand of iceblast (20)
Scrolls
 o - 2 scrolls of enchant weapon
 p - 10 scrolls of teleportation
 r - 5 scrolls of identify
 v - a scroll of magic mapping
 x - a scroll of fog
 y - 2 scrolls of enchant armour
 L - 14 scrolls of remove curse
 P - 5 scrolls of amnesia
 W - 5 scrolls of fear
 Z - a scroll of holy word
Potions
 a - 2 potions of invisibility
 e - 3 potions of flight
 h - a potion of mutation
 n - 11 potions of curing
 q - a potion of resistance
 z - 5 potions of brilliance
 A - 7 potions of stabbing
 C - 6 potions of magic
 J - 2 potions of ambrosia
Books
 j - a manual of Stealth
Miscellaneous
 V - a phial of floods (inert)
Comestibles
 f - 25 rations


   Skills:
 + Level 14.7 Fighting
 - Level 15.3 Short Blades
 - Level 8.0 Throwing
 + Level 19.8 Dodging
 - Level 21.8 Stealth
 - Level 8.6 Spellcasting
 - Level 13.0 Hexes
 * Level 12.5 Invocations
 + Level 13.3 Evocations


You had 23 spell levels left.
You knew the following spells:

 Your Spells              Type           Power        Failure   Level  Hunger
a - Invisibility          Hex            #####...     4%          6    #######
b - Tukima's Dance        Hex            #####...     1%          3    ##.....
c - Confusing Touch       Hex            #####...     1%          3    ##.....

Your spell library contained the following spells:

 Spells                   Type           Power        Failure   Level  Hunger
 Corona                   Hex            #####..      1%          1    None
 Ensorcelled Hibernation  Hex/Ice        ###...       1%          2    None
 Slow                     Hex            #####...     1%          2    None
 Dazzling Flash           Conj/Hex       ###...       1%          3    ##.....
 Spectral Weapon          Hex/Chrm       ###.....     1%          3    ##.....
 Animate Skeleton         Necr           N/A          6%          1    None
 Apportation              Tloc           #.....       6%          1    None
 Infusion                 Chrm           #...         6%          1    None
 Magic Dart               Conj           #...         6%          1    None
 Pain                     Necr           #...         6%          1    None
 Sandblast                Erth           #.....       6%          1    None
 Sting                    Tmut/Pois      #...         6%          1    None
 Summon Butterflies       Summ           #.......     6%          1    None
 Summon Small Mammal      Summ           #...         6%          1    None
 Blink                    Tloc           N/A          9%          2    None
 Call Imp                 Summ           #.......     9%          2    None
 Passwall                 Tmut/Erth      #.......     9%          2    None
 Poisonous Vapours        Pois/Air       #.....       9%          2    None
 Shroud of Golubria       Chrm/Tloc      #.....       9%          2    None
 Song of Slaying          Chrm           #.......     9%          2    None
 Sublimation of Blood     Necr           #.........   9%          2    None
 Metabolic Englaciation   Hex/Ice        ###.......   11%         5    #####..
 Silence                  Hex/Air        ###.......   11%         5    #####..
 Yara's Violent Unravell  Hex/Tmut       ###.......   11%         5    #####..
 Conjure Flame            Conj/Fire      #.......     16%         3    ##.....
 Gell's Gravitas          Tloc           #.........   16%         3    ##.....
 Ignite Poison            Fire/Tmut/Pois #.......     16%         3    ##.....
 Lesser Beckoning         Tloc           #.........   16%         3    ##.....
 Mephitic Cloud           Conj/Pois/Air  #.......     16%         3    ##.....
 Ozocubu's Armour         Chrm/Ice       #.......     16%         3    ##.....
 Recall                   Summ/Tloc      N/A          16%         3    ##.....
 Stone Arrow              Conj/Erth      #.....       16%         3    ##.....
 Vampiric Draining        Necr           #.........   16%         3    ##.....
 Airstrike                Air            #.........   45%         4    ####...
 Animate Dead             Necr           N/A          45%         4    ####...
 Olgreb's Toxic Radiance  Pois           #.......     45%         4    ####...
 Petrify                  Tmut/Erth      #.......     45%         4    ####...
 Summon Lightning Spire   Summ/Air       #.......     45%         4    ####...
 Agony                    Necr           #.......     80%         5    #####..
 Alistair's Intoxication  Tmut/Pois      #.......     80%         5    #####..
 Aura of Abjuration       Summ           #.........   80%         5    #####..
 Borgnjor's Vile Clutch   Necr/Erth      #.........   80%         5    #####..
 Irradiate                Conj/Tmut      #.........   80%         5    #####..
 Lee's Rapid Deconstruct  Erth           #.........   80%         5    #####..
 Conjure Ball Lightning   Conj/Air       #.........   100%        6    #######
 Death Channel            Necr           #.........   100%        6    #######
 Eringya's Noxious Bog    Tmut/Pois      #.........   100%        6    #######
 Freezing Cloud           Conj/Ice/Air   #.........   100%        6    #######
 Simulacrum               Ice/Necr       #.........   100%        6    #######
 Ring of Flames           Chrm/Fire      #.........   100%        7    #######
 Tornado                  Air            #.........   100%        9    #######


Dungeon Overview and Level Annotations

Branches:
Dungeon (15/15)            Temple (1/1) D:7            Lair (6/6) D:11
  Swamp (4/4) Lair:2        Snake (4/4) Lair:3        Slime (0/5) Lair:6
    Orc (2/2) D:11            Elf (0/3) Orc:2        Vaults (2/5) D:14
 Depths (2/5) D:15        Ossuary (visited)         Volcano (visited)
Desolation (visited)      Gauntlet (visited)
  Crypt: Vaults:2-3

Altars:
Ashenzari
Cheibriados
Dithmenos
Elyvilon
Fedhas
Gozag
Hepliaklqana
Kikubaaqudgha
Makhleb
Nemelex Xobeh
Okawaru
Qazlal
Ru
Sif Muna
Trog
Uskayaw
Vehumet
Wu Jian
Xom
Yredelemnul
Zin
The Shining One

Shops:
D:6 [::*?   D:8 =   D:12 =   D:13 *   Orc:1 [   Orc:2 }**[!   Depths:1 !

Portals:
Hell: Depths:1 Depths:2
Pandemonium: Depths:1 Depths:2

Annotations:
D:3 3 runed translucent doors, Turgon's ghost, amateur DDCK
D:4 Menkaure
D:5 2 transporters
D:14 3 runed translucent doors, Laowois's ghost, journeyman MiBe
Lair:3 exclusion: 2 oklob plants
Orc:1 3 runed translucent doors, Necsenou's ghost, journeyman GnWn
Vaults:1 Mennas


Innate Abilities, Weirdness & Mutations

You are very small and have problems with some larger weapons.
You are too small for most types of armour.
You have supernaturally acute eyesight. (SInv)
You are a herbivore.
You cover ground extremely quickly.
You need to consume almost no food.
You have large cloven feet.
You have a somewhat thin skeletal structure. (Dex +2, Stealth)
Your flesh is cold resistant. (rC+)
Armour fits poorly on your strangely shaped body.
You do not regenerate when monsters are visible.


Message History

You miss Mennas.
Mennas is heavily wounded.
Mennas blocks your shadow's attack.
Mennas hits you with a +1 sacred scourge of holy wrath.
* * * LOW HITPOINT WARNING * * *
Mennas barely misses you.
Press: ? - help, v - describe, . - travel
Here: Mennas, wielding a +1 sacred scourge of holy wrath and wearing a +0 tower shield (black smoke, silenced, heavily wounded, radiating silence, extremely poisoned)
The floor.
You hit Mennas but do no damage. Your kick misses Mennas.
Mennas is heavily wounded.
You are no longer berserk.
You pass out from exhaustion.
You feel yourself slow down.
Mennas hits you with a +1 sacred scourge of holy wrath.
* * * LOW HITPOINT WARNING * * *
Mennas hits you with a +1 sacred scourge of holy wrath.
* * * LOW HITPOINT WARNING * * *
Mennas hits you with a +1 sacred scourge of holy wrath.
You die...

.[...............)...............
.................[...............
#######'#########################
#........# #. #......†.#
###################. #........#
#§§.....'..(......'. #........#
#§§§§§..#........[#. #........#
#§A§§§..+.........#. #........#
#§§@§§..+.........#. #........#
#§§§§§..#.........#. ##########
#§§§§...#.........##
###################


You could see Mennas (silencing, extremely poisoned).

Vanquished Creatures
  the Lernaean hydra (Swamp:4)
  Bai Suzhen (Depths:2)
  Vashnia (Snake:4)
  Nikola (Snake:3)
  Jorgrun (Snake:1)
  A sphinx (Depths:2)
  Kirke (Lair:4)
  Donald (Swamp:4)
  8 nagarajas
  A fire giant (D:15)
  2 vault wardens
  5 stone giants
  A juggernaut zombie (Depths:2)
  10 very ugly things
  7 ironheart preservers
  2 deep elf demonologists (Vaults:2)
  A minotaur (Gauntlet)
  Azrael (D:12)
  A fire dragon (Depths:2)
  A merfolk impaler (Depths:1)
  Erolcha (D:11)
  4 ogre magi
  4 yaktaur captains (Vaults:1)
  4 great orbs of eyes
  Harold (D:11)
  A rakshasa (Vaults:2)
  A servant of whispers (Vaults:2)
  4 ice dragons
  17 hydras
  A ghost crab (Swamp:3)
  4 peacekeepers
  A merfolk avatar (Lair:6)
  8 vault guards
  6 centaur warriors
  9 naga warriors
  A catoblepas (Lair:6)
  18 anacondas
  2 death knights
  6 alligators
  2 shambling mangroves
  14 two-headed ogres
  3 deep troll shamans
  Erica (D:11)
  3 tengu warriors
  A queen ant (Lair:2)
  2 deep troll earth magi
  3 death yaks (Lair:6)
  A titan zombie (Depths:2)
  A hell hog (Gauntlet)
  An orc high priest (Orc:2)
  2 deep elf knights
  17 naga sharpshooters
  5 shock serpents
  2 salamander mystics
  6 unseen horrors
  10 deep trolls
  A fire crab (Lair:6)
  A hell knight (Volcano)
  A skeletal warrior (D:13)
  2 sea snakes (Lair:6)
  A flayed ghost (Vaults:1)
  6 naga ritualists
  A glowing orange brain (Depths:2)
  A harpy (Lair:6)
  4 ironbrand convokers
  2 phantasmal warriors
  9 swamp dragons
  13 mana vipers
  A necromancer (Depths:2)
  4 orc sorcerers
  A shining eye (Gauntlet)
  23 ugly things
  9 orc knights
  3 wolf spiders (Vaults:2)
  A stone giant zombie (Depths:2)
  A manticore (D:15)
  6 cyclopes
  3 deep elf magi
  9 salamanders
  15 elephants
  Maurice (Orc:1)
  46 black mambas
  A torpor snail (Lair:4)
  14 spiny frogs
  3 vault sentinels (Vaults:1)
  14 naga magi
  An eye of devastation (Depths:1)
  12 guardian serpents
  An efreet (D:13)
  3 kobold demonologists (D:14)
  8 rime drakes
  16 yaktaurs
  4 tengu conjurers
  13 komodo dragons
  2 freezing wraiths
  13 trolls
  9 hornets
  A queen bee (shapeshifter) (Vaults:1)
  A wind drake (Lair:6)
  5 polar bears (Lair:6)
  10 saltlings
  4 meliai
  8 tyrant leeches
  6 blink frogs
  An ettin zombie (Depths:2)
  6 bog bodies
  A dream sheep (shapeshifter) (Vaults:1)
  6 dream sheep (Lair:6)
  10 hippogriffs
  18 slime creatures
  A dancing weapon (Snake:4)
  A shadow (D:8)
  2 spriggans (Swamp:1)
  3 wraiths
  A vampire (D:10)
  4 wyverns
  53 yaks
  6 water elementals
  5 fire bats
  A basilisk (Lair:1)
  6 fire elementals (D:12)
  A golden eye (Gauntlet)
  2 hungry ghosts
  2 steam dragons
  11 vampire mosquitoes
  17 swamp worms
  9 wargs
  47 nagas
  11 insubstantial wisps (Swamp:1)
  8 water moccasins
  3 acid dragons
  21 soldier ants
  A floating eye (Gauntlet)
  7 porcupines
  3 hell hounds
  4 sky beasts
  13 swamp drakes
  3 boggarts (Depths:2)
  A hornet zombie (D:15)
  2 black bears
  A black bear (shapeshifter) (D:10)
  7 ice beasts
  38 orc warriors
  19 ogres
  28 centaurs
  5 phantoms
  An eye of draining (D:13)
  A necrophage (D:10)
  17 crocodiles
  7 big kobolds
  Blork the orc (D:5)
  18 bullfrogs
  A wyvern zombie (D:13)
  2 wyvern skeletons
  4 scorpions
  A water moccasin skeleton (D:8)
  10 killer bees
  12 howler monkeys
  2 lava snakes (Volcano)
  8 crimson imps
  5 centaur zombies
  A bullfrog zombie (D:7)
  14 jellies
  8 hounds
  3 bullfrog skeletons
  15 orc priests
  15 orc wizards
  4 centaur skeletons
  4 iguanas
  27 worker ants
  A hound zombie (D:8)
  3 hound skeletons
  8 mummies (Ossuary)
  A howler monkey skeleton (D:8)
  A howler monkey zombie (D:6)
  11 adders
  3 shadow imps
  4 adder zombies (D:8)
  4 oozes (Lair:6)
  An adder skeleton (D:4)
  A dart slug (D:1)
  3 worms
  3 leopard geckos
  75 orcs
  A ball python (D:3)
  3 bats
  7 giant cockroaches
  5 hobgoblins
  14 jackals
  25 kobolds
  3 quokkas
  6 frilled lizards
  3 goblins (D:3)
  2 jackal skeletons (D:4)
  A jackal zombie (D:5)
  4 kobold zombies (Ossuary)
  4 orc zombies (Ossuary)
  4 rats
  A plant (Lair:2)
1301 creatures vanquished.

Vanquished Creatures (collateral kills)
  A vault guard (Vaults:2)
  A naga ritualist (Snake:1)
  A black mamba (Snake:2)
  4 nagas
7 creatures vanquished.

Vanquished Creatures (others)
  A spriggan air mage (Depths:2)
  A two-headed ogre (Vaults:1)
  An alligator (Swamp:3)
  A deep troll earth mage (Vaults:1)
  A deep troll (Depths:1)
  An ugly thing (Vaults:1)
  A yaktaur (Vaults:1)
  A hornet (Depths:2)
  18 dancing weapons
  A spriggan (Depths:2)
  3 water elementals (Depths:2)
  5 hydra simulacra (Depths:2)
  A worker ant (D:12)
  14 fungi
  13 plants
63 creatures vanquished.

Grand Total: 1371 creatures vanquished

Notes
Turn   | Place    | Note
-------+----------+-------------------------------------------
     0 | D:1      | Anothat the Spriggan Assassin began the quest for the Orb.
     0 | D:1      | Reached XP level 1. HP: 10/10 MP: 2/2
     6 | D:1      | Noticed a komodo dragon
     6 | D:1      | Noticed a hog
     6 | D:1      | Noticed a wyvern
   363 | D:1      | Reached skill level 6 in Stealth
   424 | D:1      | Reached XP level 2. HP: 14/14 MP: 3/3
  1339 | D:2      | Found a burning altar of Makhleb.
  1381 | D:2      | Reached XP level 3. HP: 18/18 MP: 4/4
  1693 | D:3      | Reached XP level 4. HP: 19/22 MP: 5/5
  2491 | D:3      | Found a runed translucent gate.
  2491 | D:3      | Found a runed translucent gate.
  2493 | D:3      | Found a runed translucent gate.
  2500 | D:3      | Noticed Turgon's ghost (amateur DDCK)
  2721 | D:4      | Noticed Menkaure
  2743 | D:4      | Reached skill level 7 in Stealth
  2953 | D:4      | Reached XP level 5. HP: 25/25 MP: 6/6
  3402 | D:4      | Reached skill level 5 in Short Blades
  3980 | D:5      | Entered Level 5 of the Dungeon
  3980 | D:5      | Noticed an ogre
  4007 | D:5      | Noticed a centaur
  4012 | D:5      | Killed an ogre
  4012 | D:5      | Reached XP level 6. HP: 6/30 MP: 7/7
  4019 | D:5      | Noticed Blork the orc
  4020 | D:5      | Reached skill level 5 in Dodging
  4020 | D:5      | Reached skill level 8 in Stealth
  4195 | D:5      | Found a sand-covered staircase.
  4199 | Ossuary  | Entered an ossuary
  4475 | Ossuary  | Reached XP level 7. HP: 33/33 MP: 8/8
  4958 | D:5      | Found a transporter.
  4990 | D:5      | Killed Blork the orc
  5061 | D:5      | Found a transporter.
  5381 | D:6      | Found Naseto Erasu's Magic Scroll Boutique.
  5664 | D:6      | Reached skill level 9 in Stealth
  5695 | D:6      | Found Biyj's Book Shoppe.
  5695 | D:6      | Found Xuosiaz's Assorted Antiques.
  5695 | D:6      | Found Kipp's Book Shoppe.
  5696 | D:6      | Found Zoxticw's Antique Armour Shoppe.
  5711 | D:6      | Bought a scroll of identify for 46 gold pieces
  5711 | D:6      | Bought a shimmering crystal amulet for 115 gold pieces
  5719 | D:6      | Identified the amulet "Domume" {Spirit +Blink rPois} (You
                  | bought it in a shop on level 6 of the Dungeon)
  6032 | D:6      | Reached XP level 8. HP: 33/39 MP: 6/9
  6179 | D:6      | Bought a scroll of identify for 30 gold pieces
  6179 | D:6      | Bought a scroll of blinking for 112 gold pieces
  6327 | D:7      | Reached skill level 10 in Stealth
  6793 | D:7      | Found an opulent altar of Gozag.
  6966 | D:7      | Reached skill level 11 in Stealth
  6974 | D:7      | Identified a scroll of acquirement
  7164 | D:7      | Found a staircase to the Ecumenical Temple.
  7183 | Temple   | Entered the Ecumenical Temple
  7241 | Temple   | Became a worshipper of Dithmenos the Shadowed
  7441 | D:7      | Reached XP level 9. HP: 36/46 MP: 6/10
  8175 | D:8      | Reached skill level 12 in Stealth
  8283 | D:8      | Reached skill level 5 in Fighting
  8285 | D:8      | Found Viosh's Jewellery Shop.
  8578 | D:8      | Reached * piety under Dithmenos
  8711 | D:8      | Noticed a meliai
  8730 | D:8      | Killed a meliai
  8730 | D:8      | Reached skill level 13 in Stealth
  8767 | D:8      | Reached skill level 10 in Short Blades
  8767 | D:8      | Reached XP level 10. HP: 35/53 MP: 8/11
  8782 | D:8      | Got a slimy granite ring
  8792 | D:8      | Identified the ring of Cadimoka {rElec Int+6} (You found it
                  | on level 8 of the Dungeon)
  9187 | D:9      | Got a smoking iron amulet
  9207 | D:9      | Identified the amulet of Dotzizue {rElec rPois rN+++ Regen+
                  | Int-3} (You found it on level 9 of the Dungeon)
  9473 | D:9      | Reached skill level 14 in Stealth
  9844 | D:9      | Reached ** piety under Dithmenos
 10104 | D:10     | Entered Level 10 of the Dungeon
 10105 | D:10     | Noticed an ogre mage
 10105 | D:10     | Noticed a two-headed ogre
 10108 | D:10     | Noticed a two-headed ogre
 10112 | D:10     | Killed an ogre mage
 10305 | D:10     | Killed a two-headed ogre
 10305 | D:10     | Reached skill level 15 in Stealth
 10349 | D:10     | Killed a two-headed ogre
 10349 | D:10     | Reached skill level 10 in Dodging
 10349 | D:10     | Reached XP level 11. HP: 58/58 MP: 12/12
 10974 | D:11     | Found a staircase to the Orcish Mines.
 11052 | D:10     | Reached skill level 16 in Stealth
 11248 | D:11     | Noticed Erolcha
 11252 | D:11     | Killed Erolcha
 11665 | D:11     | Noticed a two-headed ogre
 11781 | D:11     | Noticed Harold
 12001 | D:11     | Reached skill level 5 in Throwing
 12029 | D:11     | Reached skill level 17 in Stealth
 12261 | D:11     | Killed Harold
 12308 | D:11     | Reached *** piety under Dithmenos
 12342 | D:11     | Found a staircase to the Lair.
 12718 | Lair:1   | Entered Level 1 of the Lair of Beasts
 13178 | Lair:1   | Found a glowing golden altar of the Shining One.
 13303 | Lair:2   | Noticed a four-headed hydra
 13310 | Lair:2   | Killed a four-headed hydra
 13310 | Lair:2   | Reached skill level 18 in Stealth
 13310 | Lair:2   | Reached XP level 12. HP: 59/63 MP: 8/13
 14471 | Lair:2   | Reached skill level 19 in Stealth
 14472 | Lair:2   | Noticed a queen ant
 14785 | Lair:2   | Killed a queen ant
 15100 | Lair:2   | Reached **** piety under Dithmenos
 16045 | Lair:3   | Found a staircase to the Snake Pit.
 16271 | Lair:4   | Noticed Kirke
 16277 | Lair:4   | Noticed a sphinx
 16517 | Lair:4   | Reached skill level 20 in Stealth
 16575 | Lair:4   | Reached XP level 13. HP: 64/69 MP: 14/14
 16903 | Lair:4   | Killed Kirke
 17647 | Lair:6   | Entered Level 6 of the Lair of Beasts
 17703 | Lair:6   | Found a staircase to the Slime Pits.
 17795 | Lair:6   | Reached skill level 21 in Stealth
 18092 | Lair:6   | Reached ***** piety under Dithmenos
 18092 | Lair:6   | Reached skill level 10 in Fighting
 18798 | Lair:6   | Reached XP level 14. HP: 54/77 MP: 15/15
 18970 | Lair:6   | Reached skill level 1 in Evocations
 20270 | D:6      | Bought a book of Party Tricks for 600 gold pieces
 20277 | D:6      | Learned a level 6 spell: Invisibility
 20595 | D:12     | Reached skill level 1 in Hexes
 21134 | D:12     | Found Jeirhy's Jewellery Emporium.
 21168 | D:12     | Bought the ring of Exeti {Wiz rF++ Dex+2 Slay-2 Stlth+} for
                  | 849 gold pieces
 21217 | D:12     | Noticed Azrael
 21390 | D:12     | Killed Azrael
 21804 | Orc:1    | Entered Level 1 of the Orcish Mines
 21848 | D:11     | Noticed Erica
 21861 | D:11     | Killed Erica
 22082 | Orc:1    | Noticed Maurice
 22088 | D:11     | Reached skill level 1 in Spellcasting
 22196 | Orc:1    | Killed Maurice
 22224 | Orc:1    | Found Qismuk's Armour Shoppe.
 22237 | Orc:1    | Reached skill level 5 in Hexes
 22398 | Orc:1    | Found a runed translucent gate.
 22400 | Orc:1    | Found a runed translucent gate.
 22402 | Orc:1    | Noticed Necsenou's ghost (journeyman GnWn)
 22404 | Orc:1    | Found a runed translucent gate.
 22496 | Orc:2    | Entered Level 2 of the Orcish Mines
 22625 | Orc:2    | Found a dark tunnel.
 22641 | Volcano  | Entered a volcano
 22736 | Volcano  | Found a radiant altar of Vehumet.
 22740 | Volcano  | Reached ****** piety under Dithmenos
 22850 | Orc:2    | Noticed a stone giant
 22857 | Orc:2    | Found a staircase to the Elven Halls.
 22859 | Orc:2    | Killed a stone giant
 24852 | Orc:2    | Found Yniherch's Distillery.
 24861 | Orc:2    | Bought a potion of stabbing for 52 gold pieces
 24861 | Orc:2    | Bought a potion of curing for 39 gold pieces
 24861 | Orc:2    | Bought a potion of curing for 39 gold pieces
 24861 | Orc:2    | Bought a potion of haste for 130 gold pieces
 25079 | Orc:2    | Learned a level 3 spell: Tukima's Dance
 25212 | Orc:2    | Found Eckoz's Assorted Antiques.
 25212 | Orc:2    | Found Kuof Cee's Assorted Antiques.
 25214 | Orc:2    | Found Peorphux's Antique Armour Shop.
 25216 | Orc:2    | Found Somegg's Gadget Emporium.
 25227 | Orc:2    | Bought a potion of invisibility for 184 gold pieces
 25227 | Orc:2    | Bought a scroll labeled WIOPURPH RYSIENI for 23 gold pieces
 25230 | Orc:2    | Bought a scroll of enchant weapon for 142 gold pieces
 25230 | Orc:2    | Bought a glowing cloak for 142 gold pieces
 25249 | Orc:2    | Bought a scroll of fear for 66 gold pieces
 25392 | Lair:2   | Found a staircase to the Swamp.
 25403 | Lair:2   | Reached XP level 15. HP: 83/83 MP: 22/22
 25408 | Swamp:1  | Entered Level 1 of the Swamp
 26370 | Swamp:1  | Reached skill level 5 in Spellcasting
 27614 | Swamp:3  | Reached skill level 15 in Short Blades
 27875 | Swamp:3  | Reached skill level 10 in Hexes
 27976 | Swamp:4  | Entered Level 4 of the Swamp
 27976 | Swamp:4  | Noticed Donald
 27981 | Swamp:4  | Killed Donald
 28454 | Swamp:4  | Noticed the 27-headed Lernaean hydra
 28463 | Swamp:4  | Killed the 27-headed Lernaean hydra
 28543 | Swamp:4  | Gained mutation: You tend to lose your temper in combat.
                  | [mutagenic glow]
 28660 | Swamp:4  | Reached XP level 16. HP: 86/88 MP: 24/28
 28859 | Swamp:4  | Got a decaying rune of Zot
 29156 | Snake:1  | Entered Level 1 of the Snake Pit
 29156 | Snake:1  | Noticed Jorgrun
 29159 | Snake:1  | Killed Jorgrun
 29462 | D:6      | Bought a book of Misfortune for 240 gold pieces
 29466 | D:6      | Learned a level 3 spell: Confusing Touch
 30088 | Snake:1  | Lost mutation: You tend to lose your temper in combat.
                  | [potion of mutation]
 30088 | Snake:1  | Gained mutation: You are partially covered in large bone
                  | plates. (SH +4) [potion of mutation]
 30088 | Snake:1  | Gained mutation: You are resistant to electric shocks.
                  | (rElec) [potion of mutation]
 30088 | Snake:1  | Gained mutation: Your movements are slightly less
                  | encumbered by armour. (ER -2) [potion of mutation]
 31161 | Snake:2  | Reached skill level 15 in Dodging
 31608 | Snake:3  | Reached skill level 5 in Evocations
 32380 | Snake:3  | Found a frozen archway.
 32777 | Snake:3  | Noticed Nikola
 32779 | Snake:3  | Killed Nikola
 32784 | Snake:3  | Reached XP level 17. HP: 95/95 MP: 30/30
 33238 | Snake:4  | Entered Level 4 of the Snake Pit
 33315 | Snake:4  | Reached skill level 1 in Invocations
 33579 | Snake:4  | Noticed Vashnia
 34706 | Snake:4  | Killed Vashnia
 35625 | Snake:4  | Reached skill level 5 in Invocations
 37195 | Snake:4  | Got a serpentine rune of Zot
 37655 | D:13     | Identified the cursed +0 scale mail of the Vacuum {rC+
                  | Str-5 Int+2}
 37671 | D:13     | Reached XP level 18. HP: 92/101 MP: 25/31
 38065 | D:13     | Reached skill level 10 in Evocations
 38211 | D:13     | Found Byhepp Gorch's Assorted Antiques.
 38219 | D:13     | Bought a scroll of fog for 74 gold pieces
 38219 | D:13     | Bought a scroll of fear for 129 gold pieces
 38636 | D:14     | Found a runed translucent gate.
 38637 | D:14     | Found a runed translucent gate.
 38638 | D:14     | Found a runed translucent gate.
 38670 | D:14     | Found an opulent altar of Gozag.
 38679 | D:14     | Noticed Laowois's ghost (journeyman MiBe)
 38798 | D:14     | Found a gate to the Vaults.
 38950 | D:14     | Gained mutation: You tend to lose your temper in combat.
                  | [mutagenic glow]
 39152 | D:15     | Entered Level 15 of the Dungeon
 39287 | D:15     | Lost mutation: You tend to lose your temper in combat.
                  | [potion of mutation]
 39287 | D:15     | Lost mutation: Your movements are slightly less encumbered
                  | by armour. (ER -2) [potion of mutation]
 39287 | D:15     | Lost mutation: You are partially covered in large bone
                  | plates. (SH +4) [potion of mutation]
 39287 | D:15     | Lost mutation: You are resistant to electric shocks.
                  | (rElec) [potion of mutation]
 39287 | D:15     | Gained mutation: You possess an exceptional clarity of
                  | mind. [potion of mutation]
 39287 | D:15     | Gained mutation: Your flesh is cold resistant. (rC+)
                  | [potion of mutation]
 39287 | D:15     | Gained mutation: Your movements are slightly less
                  | encumbered by armour. (ER -2) [potion of mutation]
 39290 | D:15     | Gained mutation: You are frail. (-10% HP) [mutagenic glow]
 39315 | D:15     | Found a staircase to the Depths.
 39640 | D:15     | Found a gate leading to a gauntlet.
 39647 | Gauntlet | Entered a Gauntlet
 39647 | Gauntlet | Found a transporter.
 39653 | Gauntlet | Found a transporter.
 39655 | Gauntlet | Found a transporter.
 39683 | Gauntlet | Found a transporter.
 39699 | Gauntlet | Found a transporter.
 39701 | Gauntlet | Found a transporter.
 39713 | Gauntlet | Found a transporter.
 39731 | Gauntlet | Found a transporter.
 39742 | Gauntlet | Found a transporter.
 39748 | Gauntlet | Found a transporter.
 39751 | Gauntlet | Found a transporter.
 39819 | Gauntlet | Found a runed translucent door.
 39820 | Gauntlet | Found a transporter.
 39821 | Gauntlet | Found a runed translucent door.
 39831 | Gauntlet | Found a transporter.
 39833 | Gauntlet | Found a transporter.
 39911 | Gauntlet | Got a faintly humming buckler
 39918 | Gauntlet | Identified the +0 buckler "Copily" {Int+2 Dex+3} (You found
                  | it in a Gauntlet)
 39965 | Gauntlet | Gained mutation: Your magical capacity is low. (-10% MP) [a
                  | shining eye]
 39981 | Gauntlet | Got a clouded crystal amulet
 39983 | Gauntlet | Identified the amulet of Bup Zol {Spirit rC+ MR+ Int+3
                  | Dex-2} (You found it in a Gauntlet)
 40033 | Gauntlet | Got a faintly humming cloak
 40035 | Gauntlet | Identified the +1 cloak of the Ward {MR- Str+9 Dex+4
                  | Stlth-} (You found it in a Gauntlet)
 40058 | Gauntlet | Identified the +1 battleaxe of Discomfort {vorpal, *Rage
                  | Str+9}
 40575 | D:15     | Lost mutation: You are frail. (-10% HP) [potion of
                  | mutation]
 40575 | D:15     | Lost mutation: You possess an exceptional clarity of mind.
                  | [potion of mutation]
 40575 | D:15     | Lost mutation: Your magical capacity is low. (-10% MP)
                  | [potion of mutation]
 40575 | D:15     | Gained mutation: You possess an exceptional clarity of
                  | mind. [potion of mutation]
 40575 | D:15     | Gained mutation: You have large cloven feet. [potion of
                  | mutation]
 40649 | Depths:1 | Entered Level 1 of the Depths
 40674 | Depths:1 | Found Odinkeluh's Distillery.
 40682 | Depths:1 | Bought a potion of haste for 100 gold pieces
 40682 | Depths:1 | Bought a potion of heal wounds for 50 gold pieces
 40682 | Depths:1 | Bought a potion of stabbing for 40 gold pieces
 40682 | Depths:1 | Bought a potion of stabbing for 40 gold pieces
 41146 | Depths:1 | Found a one-way gate leading to the halls of Pandemonium.
 41392 | Depths:1 | Found a gateway to Hell.
 41536 | Depths:2 | Reached skill level 10 in Invocations
 41866 | Depths:2 | Gained mutation: Armour fits poorly on your strangely
                  | shaped body. [mutagenic glow]
 42001 | Depths:2 | Reached XP level 19. HP: 106/106 MP: 25/32
 42223 | Depths:2 | Noticed Bai Suzhen
 42252 | Depths:2 | Killed Bai Suzhen
 42419 | Depths:2 | Gained mutation: You occasionally shout uncontrollably at
                  | your foes. [mutagenic glow]
 43004 | Depths:2 | Identified the +10 rapier of Understanding {venom, MR+
                  | Str+5 Dex-5}
 43371 | Vaults:1 | Entered Level 1 of the Vaults
 45079 | Vaults:2 | Found a ruined gateway.
 45088 | Desolati | Entered the Desolation of Salt
 45186 | Desolati | Identified the Grimoire of the Cloudy Entourage
 45269 | Desolati | Identified the +7 scimitar "Ynniv" {flame, rElec rPois
                  | Dex-3}
 45557 | Vaults:2 | Noticed Mennas
 45691 | Vaults:2 | Lost mutation: You possess an exceptional clarity of mind.
                  | [potion of mutation]
 45691 | Vaults:2 | Lost mutation: Your movements are slightly less encumbered
                  | by armour. (ER -2) [potion of mutation]
 45691 | Vaults:2 | Lost mutation: You occasionally shout uncontrollably at
                  | your foes. [potion of mutation]
 45691 | Vaults:2 | Gained mutation: You do not regenerate when monsters are
                  | visible. [potion of mutation]
 45691 | Vaults:2 | Gained mutation: You have a somewhat thin skeletal
                  | structure. (Dex +2, Stealth) [potion of mutation]
 46590 | Vaults:1 | HP: 4/107 [Mennas/+1 sacred scourge of holy wrath (6)]
 46590 | Vaults:1 | Slain by Mennas

Illustrated notes

Levels and vault maps discovered:
D:1:      onia_arrival_zoo_common, layout_loops_ring
D:2:      layout_rooms, bloody_makhleb, solitary_fountain, minmay_pentomino_t2
D:3:      layout_loops_ring, gammafunk_ghost_split, chequers_garden
D:4:      layout_rooms, first_ration, uniq_menkaure
D:5:      gammafunk_steamed_eel, layout_rooms, enter_ossuary_5,
          uniq_blork_the_orc
D:6:      layout_loops_ring, serial_shops, nicolae_shop_waterfront,
          minmay_shop_grid_forest
D:7:      layout_loops_corners, minmay_temple_entry_grid, basic_altar,
          minmay_starry_boxes
D:8:      minmay_the_grid_octo_2x2 [minmay_the_grid_octo_vomiting_pacman,
          minmay_the_grid_octo_clover_2, minmay_the_grid_octo_fan_narrow,
          minmay_the_grid_octo_prize_single_spiral], layout_basic, serial_shops,
          shop
D:9:      layout_loops_ring
D:10:     layout_roguey
D:11:     layout_gridville, minmay_lair_entry_grove,
          minmay_orc_entry_guard_dogs, serial_shops, nicolae_shop_waterfront,
          uniq_erolcha, uniq_erica, uniq_harold
D:12:     layout_gridville, serial_shops, shop_coins, uniq_azrael
D:13:     layout_loops_corners, serial_shops,
          nicolae_shop_temple_entry_statues_fountains
D:14:     layout_irregular_city, skrybe_vaults_entry_preservation,
          maelrawn_ghost_gauntlet_escape, basic_altar
D:15:     grunt_enter_depths_giant_problem, layout_rooms,
          gauntlet_entry_generic, hex_medium
Temple:   nicolae_temple_the_god_donut
Lair:1:   layout_cave_pods, basic_altar, serial_bayou_ford_a,
          serial_bayou_shore_b, infiniplex_staircase_pool
Lair:2:   layout_cave_shapes, palyth_hydra_swamp_entry, minivault_29
Lair:3:   layout_gridlike, guppyfry_snake_entry_garden, st_stairs_4,
          minmay_lair_oklob_chamber
Lair:4:   layout_misc_corridors, lemuel_fruit_fields, uniq_kirke
Lair:5:   layout_big_grid
Lair:6:   gammafunk_lair_ancient_temple, layout_regular_city,
          minmay_slime_entry_jelly_boxes
Swamp:1:  layout_falls_marsh, evilmike_swamp_ruin_house_4, swamp_pool2
Swamp:2:  layout_basic_swamp, hangedman_swamp_ruin_wall, swamp_pool4
Swamp:3:  layout_basic_swamp, evilmike_swamp_ruin_house_5
Swamp:4:  swamp_old_school, layout_basic_swamp, swamp_pool2, uniq_donald
Snake:1:  layout_rooms, uniq_jorgrun
Snake:2:  layout_gridlike, grunt_megastairs_1
Snake:3:  layout_basic, portal_ice_cave_entry_dragon, grunt_ministairs_11,
          serial_bayou_shore_b, uniq_nikola
Snake:4:  grunt_snake_rune_serpentine_throne, layout_chambers,
          serial_bayou_pond_e, uniq_vashnia
Orc:1:    layout_caves, gammafunk_ghost_necromancy, serial_shops,
          nicolae_shop_statue_plus, uniq_maurice
Orc:2:    st_orc_rangers, layout_caves, serial_shops, nicolae_shop_waterfront,
          nicolae_volcano_entry_two_sided
Vaults:1: nicolae_vaults_network_s, vaults_standard_mumra_x,
          nicolae_vaults_windows_and_doors_thing, v_pattern_1, v_misc_8,
          v_rooms_6, ontoclasm_vaults_eye, vaults_room_pool,
          vaults_room_stairs_pillars, nicolae_vaults_diagonal_hallway_6,
          layout_vaults_big_room
Vaults:2: vaults_mumra_minichess_inversion, vaults_room_door_ring,
          vaults_standard_mumra_enter_the_diamond, v_pattern_5,
          vaults_room_door_ring, nicolae_vaults_angled_halls,
          vaults_room_octagon, v_misc_28, nicolae_vaults_specimen_jars,
          vaults_dpeg_cross, vaults_room_guarded_vault,
          minmay_crypt_entry_skeletal_spiral, v_misc_18,
          nicolae_vaults_mini_display_case, ontoclasm_vaults_pinch,
          ontoclasm_vaults_gateway, vaults_dpeg_diagonal, layout_vaults_ring,
          portal_desolation_entry_salt, uniq_mennas
Depths:1: layout_cave_pools, pan_entry, pf_coc_iceberg, serial_bayou_shore_b,
          serial_shops, nicolae_shop_temple_entry_statues_fountains,
          marbit_kobold_abyss_entry, hangedman_eye_storm, serial_bayou_shore_b
Depths:2: cheibrodos_hall_of_evolution, layout_basic, hell_entry, enter_trove_5,
          pan_entry, kennysheep_generic_room_10, uniq_bai_suzhen

Skill      XL: |  1  2  3  4  5  6  7  8  9 10 11 12 13 14 15 16 17 18 19 |
---------------+----------------------------------------------------------+-----
Dodging        | 2 3 4 5 10 11 13 16 17 19 | 19.8
Stealth        | 6 7 8 9 11 13 15 18 20 21 | 21.8
Short Blades   | 3 4 5 6 7 8 10 12 13 14 15 | 15.3
Fighting       | 2 4 6 7 8 10 11 12 13 14 | 14.7
Throwing       | 6 8 |  8.0
Evocations     | 3 6 9 11 13 | 13.3
Hexes          | 7 12 13 | 13.0
Spellcasting   | 4 7 8 |  8.6
Invocations    | 7 10 12 | 12.5

Action                   |  1- 3 |  4- 6 |  7- 9 | 10-12 | 13-15 | 16-18 | 19-21 || total
-------------------------+-------+-------+-------+-------+-------+-------+-------++-------
Melee: Dagger            |    75 |   193 |   168 |       |       |       |       ||   436
       Quick blade       |       |       |   246 |  1497 |  2875 |  2328 |   112 ||  7058
       Kick              |       |       |       |       |       |    76 |   226 ||   302
       Rapier            |       |       |       |       |       |       |   524 ||   524
Throw: Dart              |    26 |    22 |    19 |    88 |    71 |    25 |       ||   251
       Throwing net      |       |       |       |       |    14 |     3 |       ||    17
 Cast: Tukima's Dance    |       |       |       |       |     3 |    68 |    22 ||    93
       Invisibility      |       |       |       |       |     3 |    35 |    15 ||    53
       Confusing Touch   |       |       |       |       |       |     2 |     2 ||     4
Invok: Shadow Step       |       |       |       |     6 |       |     1 |     1 ||     8
 Abil: Evoke Blink       |       |       |     1 |       |       |       |       ||     1
Evoke: Wand              |       |       |       |       |    26 |    66 |     6 ||    98
       Phial of floods   |       |       |       |       |       |     2 |     2 ||     4
       Box of beasts     |       |       |       |       |       |     1 |       ||     1
  Use: Scroll            |       |    12 |    17 |    14 |    14 |    24 |     8 ||    89
       Potion            |       |     5 |     3 |     6 |    13 |    18 |     7 ||    52
 Stab: Sleeping          |     7 |    10 |    20 |    45 |   116 |   172 |    17 ||   387
       Invisible         |       |     5 |     5 |    14 |    48 |    90 |    56 ||   218
       Distracted        |       |     1 |     3 |     5 |    25 |    25 |     7 ||    66
       Petrified         |       |       |       |       |     4 |       |       ||     4
       Held in net/web   |       |       |       |       |    15 |     3 |       ||    18
       Paralysed         |       |       |       |       |     9 |    13 |     3 ||    25
       Petrifying        |       |       |       |       |     1 |       |       ||     1
       Confused          |       |       |       |       |       |     1 |     2 ||     3
       Fleeing           |       |       |       |       |       |     2 |       ||     2
  Eat: Ration            |       |     1 |     2 |     5 |    10 |    18 |     7 ||    43
Armor: Robe              |     9 |     6 |    15 |    18 |    30 |       |       ||    78
       Steam dragon scal |       |       |       |       |    49 |    55 |    42 ||   146
Dodge: Dodged            |    49 |   120 |   155 |   556 |  1458 |  1055 |   459 ||  3852
Block: Other             |       |       |       |       |       |   122 |       ||   122
